 Dungeon Crawl Stone Soup version 0.23.2-1-ga50397a (webtiles) character file.

Game seed: 8462384645702336445

2368 xveg the Slinger (level 9, -9/59 HPs)
             Began as a Halfling Hunter on May 15, 2019.
             Was an Initiate of Gozag.
             Mangled by a death yak (13 damage)
             ... on level 7 of the Dungeon.
             The game lasted 00:15:41 (6280 turns).

xveg the Slinger (Halfling Hunter)                  Turns: 6280, Time: 00:15:41

Health: -9/59      AC:  9    Str: 16    XL:     9   Next: 72%
Magic:  9/9        EV: 14    Int:  9    God:    Gozag
Gold:   1256       SH: 10    Dex: 17    Spells: 8/8 levels left

rFire    . . .     SeeInvis +   a - +3 hunting sling
rCold    . . .     Gourm    .   o - +0 shield
rNeg     . . .     Faith    .   n - +0 ring mail
rPois    .         Spirit   .   g - +1 helmet
rElec    .         Reflect  .   t - +0 cloak
rCorr    .         Harm     .   (no gloves)
MR       .....                  (no boots)
Stlth    +.........             (no amulet)
HPRegen  0.19/turn              q - +2 ring of dexterity
MPRegen  0.11/turn              j - ring of see invisible

@: no status effects
A: small, mutation resistance 1
a: Potion Petition, Call Merchant, Bribe Branch, Renounce Religion


You were on level 7 of the Dungeon.
You worshipped Gozag.
Gozag was most pleased with you.
You were full.

You visited 1 branch of the dungeon, and saw 8 of its levels.

You collected 1272 gold pieces.
You paid 16 gold pieces to Gozag.

Inventory:

Hand Weapons
 a - a +3 hunting sling (weapon)
 b - a +0 short sword
Missiles
 h - 245 stones
 y - 5 needles of frenzy
 E - 17 sling bullets (quivered)
Armour
 c - a +0 leather armour
 g - a +1 helmet (worn)
 n - a +0 ring mail (worn)
 o - a +0 shield (worn)
 t - a +0 cloak (worn)
Magical Staves
 k - an uncursed staff of wizardry {unknown}
Jewellery
 j - a ring of see invisible (right hand)
 l - an uncursed ring of stealth
 m - an uncursed ring of teleportation
 q - a +2 ring of dexterity (left hand)
 A - an uncursed ring of positive energy
 B - an uncursed amulet of the gourmand {unknown}
 F - an uncursed ring of fire {unknown}
Wands
 d - a wand of iceblast (27)
 z - a wand of acid (12)
 G - a wand of paralysis (7)
Scrolls
 r - 3 scrolls of remove curse
 s - 2 scrolls of teleportation
 u - 5 scrolls of immolation
 w - 4 scrolls of identify
 x - a scroll of magic mapping
Potions
 e - a potion of resistance {unknown}
 i - a potion of brilliance {unknown}
 p - 2 potions of magic {unknown}
 v - a potion of haste {unknown}
 C - a potion of might {unknown}
 D - a potion of berserk rage {unknown}
Comestibles
 f - 10 rations


   Skills:
 + Level 4.6 Fighting
 + Level 0.3 Short Blades
 + Level 12.3 Slings
 * Level 4.8 Armour
 * Level 5.7 Dodging
 - Level 1.1 Stealth
 * Level 4.9 Shields


You had 8 spell levels left.
You didn't know any spells.
Your spell library was empty.

Dungeon Overview and Level Annotations

Branches:
Dungeon (8/15)             Temple (0/1) D:6
   Lair: D:8-11

Altars:
Fedhas
Gozag
Hepliaklqana
Kikubaaqudgha
Makhleb
Nemelex Xobeh
Okawaru
Ru
Sif Muna
Zin
The Shining One


Innate Abilities, Weirdness & Mutations

You are small and have problems with some larger weapons.
You are somewhat resistant to further mutation.


Message History

The bolt of electricity misses you.
Firing (i - inventory. (/) - cycle)
E - 18 sling bullets (quivered)
Press: ? - help, Shift-Dir - straight line, f/p - death yak
Aim: a death yak (moderately wounded)
You shoot a sling bullet. The sling bullet hits the death yak.
The death yak is moderately wounded.
The death yak gores you! The death yak gores you!
You climb upwards.
There is a stone staircase leading down here.
Unknown command.
The death yak gores you!
* * * LOW HITPOINT WARNING * * *
Aiming: Paralyse
Press: ? - help, Shift-Dir - straight line, f - death yak
Aim: a death yak (moderately wounded, chance to defeat MR: 1%)
The death yak resists with almost no effort.
The death yak gores you!
You die...
Your body crumbles into a pile of gold.

.## #.###........#
..# #.# ###......#
..# ###.###
#....#.# ..#
#.....# ##.....#
#.# #.....#
###.##### #.#
#.....# #>......#
..# #.....#
#.......# .##
#..)..# #Y#.##..#
#.# #######
#@#..#..# .##
######.##.#..# .#
#......##.#..#
.###
#.###........#
...#
#####.#.......####
.#.#
#.......#>#####
.#.####.###.###.#
........# #.###.#
##.###### #.....#


You could see a death yak.

Vanquished Creatures
  A hippogriff (D:7)
  4 yaks (D:7)
  An orc warrior (D:7)
  3 centaurs
  An ogre (D:7)
  A gnoll sergeant (D:5)
  2 bullfrogs (D:6)
  2 scorpions
  A crimson imp (D:7)
  A hound (D:7)
  3 jellies
  2 orc priests
  2 bullfrog skeletons (D:5)
  Ijyb (D:4)
  3 orc wizards (D:4)
  5 worker ants
  A howler monkey zombie (D:7)
  A worker ant zombie (D:5)
  A howler monkey skeleton (D:6)
  15 gnolls
  6 adders
  2 shadow imps
  9 oozes
  An adder skeleton (D:5)
  A worm (D:3)
  3 dart slugs
  5 leopard geckos
  17 orcs
  4 bats
  5 giant cockroaches
  12 goblins
  3 hobgoblins
  16 jackals
  13 kobolds
  2 quokkas
  7 frilled lizards
  2 quokka zombies
  9 rats
  A fungus (D:3)
169 creatures vanquished.

Vanquished Creatures (others)
  8 toadstools (D:3)
8 creatures vanquished.

Grand Total: 177 creatures vanquished

Notes
Turn   | Place    | Note
-------+----------+-------------------------------------------
     0 | D:1      | xveg the Halfling Hunter began the quest for the Orb.
     0 | D:1      | Reached XP level 1. HP: 14/14 MP: 1/1
    13 | D:1      | Reached skill level 6 in Slings
    38 | D:1      | Reached XP level 2. HP: 19/19 MP: 2/2
   197 | D:1      | Reached XP level 3. HP: 17/24 MP: 3/3
   454 | D:1      | Reached skill level 7 in Slings
  1078 | D:2      | Reached skill level 1 in Armour
  1218 | D:2      | Reached XP level 4. HP: 25/29 MP: 4/4
  1254 | D:2      | Found a hazy altar of Hepliaklqana.
  1255 | D:2      | Found a deep blue altar of Sif Muna.
  1258 | D:2      | Found an opulent altar of Gozag.
  1264 | D:2      | Became a worshipper of Gozag Ym Sagoz the Greedy
  1508 | D:2      | Found a blossoming altar of Fedhas.
  1689 | D:2      | Found a faded altar of an unknown god.
  1967 | D:3      | Found an iron altar of Okawaru.
  1997 | D:3      | Reached XP level 5. HP: 34/34 MP: 5/5
  2312 | D:3      | Found a glowing golden altar of the Shining One.
  2319 | D:3      | Reached skill level 8 in Slings
  2335 | D:3      | Reached skill level 1 in Shields
  2711 | D:3      | Found a sparkling altar of Nemelex Xobeh.
  3034 | D:3      | Reached XP level 6. HP: 40/40 MP: 6/6
  3453 | D:4      | Found a burning altar of Makhleb.
  3457 | D:4      | Found a glowing silver altar of Zin.
  3457 | D:4      | Noticed an angel
  3458 | D:4      | Noticed a cacodemon
  3509 | D:4      | Reached XP level 7. HP: 45/45 MP: 7/7
  3525 | D:4      | Noticed Ijyb
  3530 | D:4      | Paralysed by Ijyb for 3 turns
  3542 | D:4      | Paralysed by Ijyb for 4 turns
  3557 | D:4      | Killed Ijyb
  3557 | D:4      | Reached skill level 9 in Slings
  3741 | D:4      | Found a sacrificial altar of Ru.
  3933 | D:5      | Entered Level 5 of the Dungeon
  4306 | D:5      | Reached XP level 8. HP: 49/52 MP: 8/8
  4818 | D:6      | Reached skill level 10 in Slings
  5226 | D:6      | Found a staircase to the Ecumenical Temple.
  5603 | D:7      | Reached skill level 11 in Slings
  5823 | D:7      | Reached XP level 9. HP: 58/58 MP: 9/9
  5868 | D:7      | Reached skill level 5 in Dodging
  5918 | D:7      | Reached skill level 12 in Slings
  6024 | D:7      | Noticed a hippogriff
  6033 | D:7      | Killed a hippogriff
  6268 | D:8      | Found an ancient bone altar of Kikubaaqudgha.
  6268 | D:8      | Noticed a death yak
  6268 | D:8      | Noticed a polar bear
  6280 | D:7      | Mangled by a death yak

Skill      XL: |  1  2  3  4  5  6  7  8  9 |
---------------+----------------------------+-----
Slings         | 6 7 8 9 11 12 | 12.3
Armour         | 1 2 3 4 |  4.8
Fighting       | 2 3 4 |  4.6
Shields        | 1 2 4 |  4.9
Dodging        | 3 4 5 |  5.7
Short Blades   | |  0.3
Stealth        | |  1.1

Action                   |  1- 3 |  4- 6 |  7- 9 || total
-------------------------+-------+-------+-------++-------
Melee: Short sword       |    17 |    18 |       ||    35
 Fire: Hunting sling     |    92 |   192 |   369 ||   653
Evoke: Wand              |       |       |     1 ||     1
  Use: Scroll            |       |     9 |     5 ||    14
       Potion            |       |       |     4 ||     4
  Eat: Ration            |       |     2 |     4 ||     6
       Chunk             |       |     1 |       ||     1
Armor: Leather armour    |     2 |       |       ||     2
       Ring mail         |    21 |    24 |    30 ||    75
Dodge: Dodged            |    28 |    25 |    53 ||   106
Block: Shield            |    18 |    23 |    41 ||    82
